 Dungeon Crawl Stone Soup version 0.18.1-48-g4cf74bf (webtiles) character file.

58 Gargoyl the Skirmisher (level 3, -1/29 HPs)
             Began as a Demonspawn Abyssal Knight on June 27, 2016.
             Was a Believer of Lugonu.
             Slain by a hobgoblin (2 damage)
             ... led by Robin
             ... on level 2 of the Dungeon.
             The game lasted 00:02:31 (1779 turns).

Gargoyl the Skirmisher (Demonspawn Abyssal Knight)  Turns: 1779, Time: 00:02:31

Health: -1/29      AC:  6    Str: 18    XL:     3   Next: 75%
Magic:  4/4        EV: 11    Int: 13    God:    Lugonu [**....]
Gold:   60         SH:  0    Dex: 12    Spells: 0 memorised, 2 levels left

rFire  . . .     SeeInvis .     a - +1 hand axe
rCold  . . .     Gourm    .     i - +0 ring mail
rNeg   . . .     Faith    .     (no shield)
rPois  .         Spirit   .     l - +0 helmet
rElec  .         Dismiss  .     (no cloak)
rCorr  .         Reflect  .     (no gloves)
SustAt .         Harm     .     (no boots)
MR     .....                    (no amulet)
Stlth  +.........               (no ring)
                                (no ring)

@: mighty, flying, not resistant to hostile enchantments, very unstealthy
A: hooves 1
a: Depart the Abyss, Bend Space, Renounce Religion


You were on level 2 of the Dungeon.
You worshipped Lugonu.
Lugonu was pleased with you.
You were hungry.

You visited 1 branch of the dungeon, and saw 2 of its levels.
You visited the Abyss 1 time.

You collected 60 gold pieces.

Inventory:

Hand Weapons
 a - a +1 hand axe (weapon)
Armour
 i - a +0 ring mail (worn)
 l - a +0 helmet (worn)
Jewellery
 o - an uncursed ring of protection from fire {unknown}
Scrolls
 b - a scroll of recharging {unknown}
 d - a scroll of remove curse
 f - 2 scrolls of amnesia {unknown}
 j - a scroll of blinking {unknown}
 p - a scroll of identify {unknown}
Potions
 e - a potion of might
 k - a potion of beneficial mutation {unknown}
 m - a potion of brilliance {unknown}
 n - a potion of curing {unknown}
Comestibles
 c - 3 bread rations
 g - a meat ration


   Skills:
 + Level 3.5 Fighting
 + Level 2.2 Axes
 * Level 2.4 Armour
 + Level 1.6 Dodging
 + Level 0.2 Stealth
 + Level 2.5 Invocations


You had 2 spell levels left.
You didn't know any spells.

Dungeon Overview and Level Annotations

Branches:
Dungeon (2/15)

Altars:
Okawaru

Annotations:
D:2 Robin


Innate Abilities, Weirdness & Mutations

You have large cloven feet.


Message History

You closely miss the bat.
The bat is moderately wounded.
You closely miss the goblin. You slash the goblin!
You kill the goblin!
Lugonu accepts your kill. The bat hits you but does no damage.
The goblin closely misses you. Robin barely misses you.
Drink which item? (? for menu, Esc to quit)
It was a potion of flight.
You feel very buoyant.
You fly up into the air.
The hobgoblin barely misses you. The goblin hits you with a dagger!
* * * LOW HITPOINT WARNING * * *
Robin hits you but does no damage.
You closely miss the hobgoblin. Your kick misses the hobgoblin.
You slash the bat!
You kill the bat!
Lugonu accepts your kill.
You barely miss the goblin. The hobgoblin hits you.
You die...

#.###.# #..#..#
#.#.#.# ####..#
#.....# ..#
#.....######..#
##............#
##.######.....
##..#####......
##.....)#)......
#.......@g......
##...##g#)g.....
#......##......
#......# #.....
#####.## #...#
#. #+## #. #. #.


You could see Robin, a hobgoblin and a goblin.

Vanquished Creatures
  An ooze (D:1)
  2 dart slugs
  4 giant geckos
  5 giant cockroaches
  10 goblins
  6 hobgoblins (D:1)
  3 kobolds (D:1)
  4 bats
  2 giant newts (D:1)
  3 rats
40 creatures vanquished.

Notes
Turn   | Place    | Note
--------------------------------------------------------------
     0 | Abyss:1  | Gargoyl the Demonspawn Abyssal Knight began the quest for the Orb.
     0 | Abyss:1  | Reached XP level 1. HP: 18/18 MP: 2/2
   131 | Abyss:1  | Noticed a small abomination
   134 | D:1      | Escaped the Abyss
   454 | D:1      | Reached * piety under Lugonu
   745 | D:1      | Gained mutation: You have large cloven feet. [demonic ancestry]
   745 | D:1      | Reached XP level 2. HP: 15/24 MP: 3/3
   763 | D:1      | Reached skill level 1 in Dodging
  1415 | D:1      | Reached XP level 3. HP: 29/29 MP: 4/4
  1558 | D:2      | Found an iron altar of Okawaru.
  1768 | D:2      | Noticed Robin
  1777 | D:2      | Reached ** piety under Lugonu
  1778 | D:2      | HP: 1/29 [goblin/dagger[Robin] (7)]
  1779 | D:2      | Slain by a hobgoblin

Skill      XL: |  1  2 |
---------------+-------+-----
Axes           | 2 |  2.2
Dodging        | 1 |  1.6
Armour         | 2 |  2.4
Fighting       | |  3.5
Stealth        | |  0.2
Invocations    | |  2.5

Action                   || total
-------------------------++-------
Melee: Hand axe          ||    92
       Kick              ||    16
Invok: Depart the Abyss  ||     1
  Use: Scroll            ||     2
       Potion            ||     2
  Eat: Chunk             ||     2
Armor: Leather armour    ||     3
       Ring mail         ||    46
Dodge: Dodged            ||    80
